 Dungeon Crawl Stone Soup version 0.17.2-1-ge4368a0 (webtiles) character file.

227 Goblin1989 the Distorting Demonspawn (level 5, -1/41 HPs)
             Began as a Demonspawn Abyssal Knight on Sept 19, 2016.
             Was a Believer of Lugonu.
             Slain by an orc (4 damage)
             ... on level 4 of the Dungeon.
             The game lasted 00:08:25 (2462 turns).

Goblin1989 the Distorting Demonspawn (DsAK)         Turns: 2462, Time: 00:08:25

Health: -1/41      AC:  8    Str: 13    XL:     5   Next: 70%
Magic:  8/8        EV: 10    Int: 14    God:    Lugonu [**....]
Gold:   104        SH:  0    Dex: 12    Spells: 0 memorised, 4 levels left

rFire  . . .     SeeInvis .     a - +1 hand axe
rCold  . . .     Clarity  .     e - +0 ring mail
rNeg   . . .     SustAt   .     (no shield)
rPois  .         Gourm    .     (no helmet)
rElec  .         Spirit   .     (no cloak)
rCorr  .         Warding  .     h - +0 pair of gloves
rMut   .         Stasis   .     (no boots)
MR     .....                    (no amulet)
Stlth  +.........               (no ring)
                                (no ring)

@: lethally poisoned (-1 -> -7), not resistant to hostile enchantments, very
unstealthy
A: thin metallic scales 1, powered by death 1
a: Depart the Abyss, Bend Space, Renounce Religion


You were on level 4 of the Dungeon.
You worshipped Lugonu.
Lugonu was pleased with you.
You were hungry.

You visited 1 branch of the dungeon, and saw 4 of its levels.
You visited the Abyss 1 time.

You collected 104 gold pieces.

Inventory:

Hand Weapons
 a - a +1 hand axe (weapon)
Armour
 e - a +0 ring mail (worn)
 h - a +0 pair of gloves (worn)
Scrolls
 d - 3 scrolls of identify {unknown}
 f - a scroll of noise {unknown}
 i - a scroll of enchant weapon {unknown}
Comestibles
 c - a bread ration


   Skills:
 - Level 3.0 Fighting
 * Level 4.6 Axes
 - Level 1.7 Armour
 - Level 0.8 Dodging
 + Level 4.8 Invocations


You had 4 spell levels left.
You didn't know any spells.

Dungeon Overview and Level Annotations

Branches:
Dungeon (4/15)
 Temple: D:4-7

Altars:
Fedhas
Makhleb

Annotations:
D:4 Menkaure


Innate Abilities, Weirdness & Mutations

You are partially covered in thin metallic scales (AC +2).
You regenerate a little health from kills.


Message History

It was a potion of curing.
You feel better. The orc closely misses you.
The orc wizard completely misses you.
You regained 11 hp, and now have 17/41 hp.
You hit the orc wizard.
The orc wizard is heavily wounded.
You hit the orc.
The orc is severely wounded.
The orc hits you but does no damage.
The orc wizard hits you but does no damage.
You are poisoned.
The orc priest invokes the aid of Beogh against you.
Something smites you!
* * * LOW HITPOINT WARNING * * *
You take 13 damage, and have 4/41 hp.
MASSIVE DAMAGE!!
Drink which item? (? for menu, Esc to quit)
It was a potion of magic.
Magic courses through your body.
* * * LOW HITPOINT WARNING * * *
You feel sick. The orc hits you.
You die...

#### #...# ....#
###...#
########o....# .
.......o@o...# ..
#########....###...
#####...#..........
#..)..#.#..........
#.........#......#
#..<......#......#
#.........#......#
#.........#......#
###########......#


You could see an orc priest, an orc wizard and an orc.

Vanquished Creatures
  A crimson imp (D:3)
  An iguana (D:4)
  2 orc wizards (D:3)
  3 adders
  2 worms
  3 giant geckos
  2 orcs
  2 ball pythons
  7 bats
  4 giant cockroaches
  7 hobgoblins
  9 jackals
  8 kobolds
  2 quokkas
  3 giant newts
  13 goblins
  10 rats
79 creatures vanquished.

Notes
Turn   | Place    | Note
--------------------------------------------------------------
     0 | Abyss:1  | Goblin1989 the Demonspawn Abyssal Knight began the quest for the Orb.
     0 | Abyss:1  | Reached XP level 1. HP: 18/18 MP: 2/2
    81 | Abyss:1  | Noticed a wraith
    83 | D:1      | Escaped the Abyss
   476 | D:1      | Gained mutation: You regenerate a little health from kills. [demonic ancestry]
   476 | D:1      | Reached XP level 2. HP: 21/24 MP: 3/3
   490 | D:1      | Reached * piety under Lugonu
   598 | D:1      | Gained mutation: You are partially covered in thin metallic scales (AC +2). [demonic ancestry]
   598 | D:1      | Reached XP level 3. HP: 26/29 MP: 5/5
   750 | D:1      | Reached ** piety under Lugonu
   892 | D:2      | Found a burning altar of Makhleb.
   892 | D:2      | Noticed a blizzard demon
  1621 | D:2      | Reached XP level 4. HP: 21/35 MP: 6/6
  1778 | D:3      | Reached skill level 4 in Invocations
  1918 | D:3      | Reached XP level 5. HP: 41/41 MP: 8/8
  1929 | D:3      | Found a blossoming altar of Fedhas.
  2263 | D:4      | Noticed Menkaure
  2462 | D:4      | Slain by an orc

Action                   |  1- 3 |  4- 6 || total
-------------------------+-------+-------++-------
Melee: Hand axe          |   167 |    96 ||   263
Invok: Depart the Abyss  |     1 |       ||     1
  Use: Potion            |       |     2 ||     2
  Eat: Chunk             |     3 |     2 ||     5
